 Dungeon Crawl Stone Soup version 0.28.0-62-gf88900778d (webtiles) character file.

Game seed: 11131780491025746957

148 mopl the Bolt Thrower (level 5, 0/45 HPs)
             Began as a Hill Orc Hunter on Mar 23, 2023.
             Slain by an ogre
             ... wielding a +0 giant club
              (13 damage)
             ... on level 5 of the Dungeon.
             The game lasted 00:03:36 (2870 turns).

mopl the Bolt Thrower (Hill Orc Hunter)             Turns: 2870, Time: 00:03:36

Health: 0/45       AC:  6    Str: 17    XL:     5   Next: 30%
Magic:  5/5        EV: 11    Int: 11    God:
Gold:   128        SH:  0    Dex: 11    Spells: 4/4 levels left

rFire   . . .      SeeInvis .   b - +2 dagger (freeze)
rCold   . . .      Faith    .   (no shield)
rNeg    . . .      Spirit   .   f - +0 ring mail
rPois   .          Reflect  .   (no helmet)
rElec   .          Harm     .   (no cloak)
rCorr   .          Rampage  .   q - +0 pair of gloves
Will    .....                   (no boots)
Stlth   +.........              (no amulet)
HPRegen 0.15/turn               j - ring of flight
MPRegen 0.09/turn               (no ring)

@: flying, hasted, very quick
A: no striking features
a: no special abilities


You were on level 5 of the Dungeon.
You visited 1 branch of the dungeon, and saw 5 of its levels.

You collected 128 gold pieces.

Inventory:

Hand Weapons
 a - a +1 hand crossbow
 b - a +2 dagger of freezing (weapon)
Missiles
 d - 20 bolts
 t - 3 poisoned darts (quivered)
Armour
 f - a +0 ring mail (worn)
 i - a +0 plate armour
 q - a +0 pair of gloves (worn)
Jewellery
 h - a ring of ice
 j - a ring of flight (left hand)
 n - a +4 ring of slaying
Scrolls
 c - a scroll of identify
 l - a scroll of immolation
Potions
 e - 2 potions of curing
 r - a potion of flight
 u - a potion of berserk rage {unknown}


   Skills:
 + Level 3.5 Fighting
 * Level 4.7 Crossbows
 + Level 2.0 Armour
 + Level 2.3 Dodging
 - Level 0.7 Stealth


You had 4 spell levels left.
You didn't know any spells.
Your spell library was empty.

Dungeon Overview and Level Annotations

Branches:
Dungeon (6/15)
 Temple: D:4-7

Altars:
Xom


Message History

There is a stone staircase leading down here.
You now have 128 gold pieces (gained 8).
An ogre comes into view. It is wielding a +0 giant club.
Found 19 stones and a spear.
A centaur and an orc come into view.
Found a stone staircase leading down.
The centaur shouts!
The orc shouts!
You hear a shout!
The centaur wields a +0 shortbow.
The centaur shoots an arrow.
The arrow hits you.
A necrophage comes into view.
Okay, then.
As you read the scroll labelled DUSYXE FEAGO, it crumbles to dust.
It is a scroll of amnesia.
You feel forgetful for a moment.
The centaur shoots an arrow.
The arrow barely misses you.
The centaur shoots an arrow.
The arrow misses you.
As you read the scroll labelled CIEWUU RUSU, it crumbles to dust.
Wisps of shadow whirl around you...
It was a scroll of summoning.
The ogre barely misses your iguana.
The centaur shoots an arrow.
The arrow closely misses you.
The ogre hits your iguana with a +0 giant club!!
Your iguana dies!
Your iguana's corpse dissolves into shadows!
The centaur shoots an arrow.
The arrow hits your centaur zombie!
A water moccasin and an orc come into view.
The orc is wielding a +1 dagger of venom.
The orc shouts!
You hear a shout!
A centaur warrior zombie comes into view.
The centaur shoots an arrow.
The arrow hits you!
* * * LOW HITPOINT WARNING * * *
The centaur warrior zombie moves out of view.
It was a potion of curing.
You feel better.
The centaur shoots an arrow.
The arrow hits you!
* * * LOW HITPOINT WARNING * * *
Unknown command.
You feel yourself speed up.
Your centaur zombie closely misses the ogre.
Your centaur zombie barely misses the ogre.
Your centaur zombie hits the ogre.
Your centaur zombie kicks the ogre.
The ogre hits you with a +0 giant club!
You die...

#.........###+##.
#...............
#.>.............
##...........#
###.........# ...
#.......###....
#........#.....
##.........#
###..@...##
#..On..S#
#..Z#.o..c..
#..###.###.. #...
o.. .. ..... ....
. .)..(. .Z...
....... ..>.
8.8.#.#


You could see a water moccasin, an ogre (ally target), a necrophage, a centaur,
2 orcs, a centaur warrior zombie and a friendly centaur zombie (summoned).

Vanquished Creatures
  2 iguanas
  A gnoll (D:3)
  3 adders (D:2)
  A worm (D:2)
  7 bats
  4 endoplasms
  2 giant cockroaches
  6 goblins
  9 hobgoblins
  3 jackals (D:1)
  3 kobolds
  2 quokkas
  4 ball pythons
  3 frilled lizards
  6 rats
56 creatures vanquished.

Notes
Turn   | Place    | Note
-------+----------+-------------------------------------------
     0 | D:1      | mopl the Hill Orc Hunter began the quest for the Orb.
     0 | D:1      | Reached XP level 1. HP: 18/18 MP: 1/1
   138 | D:1      | Reached XP level 2. HP: 18/25 MP: 2/2
   703 | D:1      | Reached skill level 1 in Armour
   713 | D:1      | Reached skill level 4 in Crossbows
   713 | D:1      | Reached XP level 3. HP: 18/30 MP: 3/3
  1233 | D:2      | Reached skill level 2 in Dodging
  1240 | D:2      | Found a faded altar of an unknown god.
  1247 | D:2      | Reached skill level 3 in Fighting
  1304 | D:2      | Reached XP level 4. HP: 6/38 MP: 4/4
  2091 | D:2      | Found a shimmering altar of Xom.
  2573 | D:3      | Reached skill level 2 in Armour
  2573 | D:3      | Reached XP level 5. HP: 45/45 MP: 5/5
  2838 | D:3      | You are sucked into a shaft and drop 3 floors!
  2838 | D:6      | Noticed an ogre
  2854 | D:5      | Entered Level 5 of the Dungeon
  2863 | D:5      | Noticed an ogre
  2864 | D:5      | Noticed a centaur
  2864 | D:5      | Noticed a necrophage
  2868 | D:5      | Noticed a water moccasin
  2868 | D:5      | Noticed a centaur warrior zombie
  2870 | D:5      | Slain by an ogre

Illustrated notes

Levels and vault maps discovered:
D:1:      dpeg_arrival_pits, layout_loops_ring
D:2:      layout_loops_ring, basic_altar, hellmonk_ecumenical_altar_blasted
D:3:      layout_rooms
D:5:      gammafunk_steamed_eel, layout_cave_pools, fedhas_altar_2,
          serial_column_ruins, column_ruins_grid_4, column_ruins_open_tiny,
          column_ruins_corridor_straight, column_ruins_open_tiny,
          column_ruins_columns_dead_end, chequers_ossuary_entry_cave,
          lightli_corner_chamber
D:6:      layout_rooms

Skill      XL: |  1  2  3  4 |
---------------+-------------+-----
Armour         | 1 2 |  2.0
Crossbows      | 4 |  4.7
Dodging        | 2 |  2.3
Fighting       | 3 |  3.5
Stealth        | |  0.7

Action                   |  1- 3 |  4- 6 || total
-------------------------+-------+-------++-------
Melee: Short sword       |   138 |    54 ||   192
       Punch             |     1 |       ||     1
       Dagger            |       |    50 ||    50
 Fire: Hand crossbow     |     3 |     2 ||     5
  Use: Scroll            |       |     7 ||     7
       Potion            |       |     2 ||     2
Armor: Ring mail         |    60 |    44 ||   104
Dodge: Dodged            |    83 |    78 ||   161
